 Dungeon Crawl Stone Soup version 0.30.1-9-gdf580d7c3d (webtiles) character file.

Game seed: 13192944723800882264

24466 velnius the Carver (level 12, -9/165 HPs)
             Began as a Minotaur Berserker on Oct 25, 2023.
             Was the Champion of Trog.
             Mangled by an orc warrior
             ... wielding a +0 long sword
              (11 damage)
             ... on level 2 of the Orcish Mines.
             The game lasted 01:53:00 (12367 turns).

velnius the Carver (Minotaur Berserker)            Turns: 12367, Time: 01:53:01

Health: -9/165     AC: 19    Str: 32    XL:     12   Next: 80%
Magic:  11/11      EV: 14    Int:  2    God:    Trog [******]
Gold:   1062       SH:  4    Dex: 11    Spells: 11/11 levels left

rFire   . . .        q - +7 falchion of the Maze {elec, rC+++ rN++ Int-2}
rCold   + + +        J - +0 buckler
rNeg    + + .        h - +0 plate armour
rPois   .            (helmet restricted)
rElec   .            C - +0 cloak
rCorr   .            I - +0 pair of gloves
SInv    .            (no boots)
Will    .....        (no amulet) Stlth
                     y - +6 ring of strength
HPRegen 0.47/turn    G - +5 ring of evasion
MPRegen 0.12/turn

%: no passive effects
@: berserking, studying Short Blades, very quick
A: horns 2, retaliatory headbutt
a: Renounce Religion, Berserk, Trog's Hand, Brothers in Arms


You were on level 2 of the Orcish Mines.
You worshipped Trog.
Trog was exalted by your worship.
You visited 2 branches of the dungeon, and saw 13 of its levels.

You collected 1062 gold pieces.

Inventory:

Hand Weapons
 n - the +5 mace "Laby" {antimagic, Will+ Dex+4}
   (You took it off a gnoll on level 3 of the Dungeon)

   Dex:       It affects your dexterity (+4).
   Will:      It increases your willpower.
 q - the +7 falchion of the Maze (weapon) {elec, rC+++ rN++ Int-2}
   (You found it on level 2 of the Dungeon)

   Int:       It affects your intelligence (-2).
   rC:        It renders you almost immune to cold.
   rN:        It greatly protects you from negative energy.
 L - a +4 heavy double sword
Missiles
 i - 7 javelins
 j - 3 silver javelins
 w - 7 poisoned darts (quivered)
 D - 4 atropa-tipped darts
Armour
 h - a +0 plate armour (worn)
 C - a +0 cloak (worn)
 H - a +1 scale mail of fire resistance
 I - a +0 pair of gloves (worn)
 J - a +0 buckler (worn)
Jewellery
 y - a +6 ring of strength (left hand)
 G - a +5 ring of evasion (right hand)
Wands
 v - a wand of charming (8)
 B - a wand of iceblast (8)
 F - a wand of flame (14)
Scrolls
 b - 5 scrolls of magic mapping
 e - 2 scrolls of noise
 k - 6 scrolls of teleportation
 r - 2 scrolls of poison
 x - a scroll of immolation
 z - 3 scrolls of fog
 K - a scroll of enchant weapon
Potions
 a - 4 potions of mutation
 c - a potion of attraction
 d - 2 potions of flight
 f - 3 potions of ambrosia
 g - 4 potions of lignification
 l - 2 potions of cancellation
 m - a potion of resistance
 o - 2 potions of magic
 p - a potion of invisibility {unknown}
 s - 3 potions of brilliance
 t - 7 potions of curing
 u - 3 potions of degeneration
 A - 3 potions of berserk rage {unknown}
 E - 2 potions of might {unknown}
 N - a potion of haste {unknown}


   Skills:
 + Level 11.4 Fighting
 - Level 14.0 Long Blades
 + Level 6.1(6.3) Axes
 + Level 1.6(4.2) Maces & Flails
 + Level 9.2 Throwing
 + Level 13.7 Armour
 + Level 4.0 Dodging
 + Level 2.3 Stealth
 + Level 2.8 Shields


You had 11 spell levels left.
You didn't know any spells.
Your spell library was empty.

Dungeon Overview and Level Annotations

Branches:
Dungeon (11/15)            Temple (0/1) D:6            Lair (0/5) D:11
    Orc (2/2) D:10
    Elf: Orc:2

Altars:
Elyvilon
Fedhas
Hepliaklqana
Kikubaaqudgha
Makhleb
Nemelex Xobeh
Okawaru
Qazlal
Ru
Trog
Uskayaw
Vehumet
Xom
Zin
The Shining One

Shops:
D:1 [   D:3 :   D:8 :


Innate Abilities, Weirdness & Mutations

You have a pair of horns on your head.
You reflexively headbutt those who attack you in melee.


Message History

The orc warrior is lightly wounded.
The orc warrior no longer looks unusually strong. x3
The orc warrior shoots a bolt.
The bolt closely misses you.
The bolt hits the orc warrior.
The orc warrior shoots a bolt.
The bolt barely misses you.
The bolt hits the orc warrior.
The orc warrior barely misses you.
The orc knight roars a battlecry!
The orc warriors go into a battle-frenzy!
An orc knight comes into view. It is wielding a +0 arbalest.
You block the orc warrior's attack.
You slash the orc warrior! Your headbutt misses the orc warrior.
The orc warrior is almost dead.
You slash the orc warrior!
Lightning courses through the orc warrior!
You kill the orc warrior!
Trog accepts your kill.
The orc no longer looks unusually strong.
The orc shoots a bolt.
You block the bolt. You block the orc warrior's attack.
The orc warrior hits you with a +0 flail!
* * * LOW HITPOINT WARNING * * *
You slice the orc warrior!!
The orc warrior is severely wounded.
You miss the orc warrior.
The orc warrior is severely wounded.
You block the orc warrior's attack. The orc warrior closely misses you.
The orc warrior unwields a +0 arbalest.
The orc warrior wields a +0 great mace.
The orc warrior hits you with a +0 great mace!
* * * LOW HITPOINT WARNING * * *
The orc warrior barely misses you.
You slice the orc warrior!!
You kill the orc warrior!
Trog accepts your kill.
The orc no longer looks unusually strong.
You completely miss the orc warrior. Your headbutt misses the orc warrior.
The orc warrior is heavily wounded.
You hit the orc warrior.
The orc warrior is heavily wounded.
The orc warrior misses you.
The orc warrior hits you with a +0 long sword!
You die...

........o...
......ooooo
#.....≈≈≈≈##
#..).((≈≈≈≈###
.....)o..≈≈≈≈##
#....)oo...≈≈≈#
#....ooo...≈≈#
.##..##@o##...###
......)..........
.................
......)..<.......
....#.#.....##...
#...)..#.....#
....^..........
.......##........
.#$..# ##.......


You could see 2 orc knights, 7 orc warriors and 4 orcs.

Vanquished Creatures
  Snorg (D:11)
  2 boulder beetles (D:11)
  4 two-headed ogres
  A centaur warrior (D:11)
  A tengu warrior (D:11)
  A death yak (D:9)
  A deep elf pyromancer (D:11)
  2 orc knights
  A manticore (D:11)
  An orc sorcerer (Orc:1)
  An ugly thing (D:11)
  A cyclops (D:11)
  3 gargoyles
  Maggie (D:7)
  An unseen horror (D:11)
  3 trolls (D:11)
  A hornet (D:9)
  Grinder (D:5)
  4 slime creatures
  7 wraiths
  Eustachio (D:5)
  28 yaks
  5 vampire mosquitoes
  A two-headed ogre zombie (D:10)
  A warg (Orc:1)
  2 acid dragons (D:11)
  3 water moccasins
  Duvessa (D:7)
  10 orc warriors
  A sky beast (D:7)
  2 ice beasts (D:6)
  A black bear (D:6)
  3 ogres
  10 centaurs
  2 kobold brigands (D:8)
  5 phantoms
  2 bullfrogs
  2 scorpions
  13 wights
  Dowan (D:7)
  4 killer bees (D:7)
  3 troll zombies (D:10)
  An electric eel (D:9)
  2 howler monkeys
  A crimson imp (D:4)
  5 hounds
  11 orc priests
  A gnoll bouda (D:5)
  5 jellies
  2 iguanas
  17 orc wizards
  4 ogre zombies (D:10)
  Robin (D:2)
  19 gnolls
  A river rat (D:6)
  4 adders
  2 white imps
  An ufetubus (D:6)
  3 worms
  3 dart slugs
  48 orcs
  4 endoplasms
  7 giant cockroaches
  10 goblins
  7 hobgoblins
  9 jackals
  15 kobolds
  4 quokkas
  9 ball pythons
  3 bats
  2 frilled lizards (D:1)
  3 goblin skeletons
  4 goblin zombies
  A hobgoblin skeleton (D:10)
  3 hobgoblin zombies
  A kobold skeleton (D:4)
  2 kobold zombies (D:4)
  6 orc skeletons
  16 orc zombies
  10 rats
386 creatures vanquished.

Vanquished Creatures (others)
  An orc warrior (Orc:2)
1 creature vanquished.

Grand Total: 387 creatures vanquished

Notes
Turn   | Place    | Note
-------+----------+-------------------------------------------
     0 | D:1      | velnius the Minotaur Berserker began the quest for the Orb.
     0 | D:1      | Reached XP level 1. HP: 19/19 MP: 0/0
    86 | D:1      | Reached XP level 2. HP: 27/27 MP: 1/1
    90 | D:1      | Found Soqatt's Armour Emporium.
   425 | D:1      | Reached ** piety under Trog
   531 | D:1      | Reached XP level 3. HP: 33/33 MP: 2/2
   876 | D:2      | Noticed Robin
   890 | D:2      | Killed Robin
   894 | D:2      | Reached skill level 5 in Axes
   897 | D:2      | Reached XP level 4. HP: 24/40 MP: 3/3
  1336 | D:2      | Identified the +7 falchion of the Maze {elec, rC+++ rN++
                  | Int-2}
  1518 | D:3      | Reached skill level 1 in Maces & Flails
  1523 | D:3      | Reached XP level 5. HP: 10/47 MP: 4/4
  1673 | D:3      | Found a burning altar of Makhleb.
  1727 | D:3      | Reached *** piety under Trog
  1784 | D:3      | Found Moirem's Book Shoppe.
  1859 | D:3      | Found a faded altar of an unknown god.
  1906 | D:3      | Identified the +5 mace "Laby" {antimagic, Will+ Dex+4}
  2129 | D:4      | Reached skill level 1 in Long Blades
  2218 | D:4      | Found a stormy altar of Qazlal.
  2275 | D:4      | Reached skill level 2 in Long Blades
  2275 | D:4      | Reached XP level 6. HP: 54/55 MP: 5/5
  2307 | D:4      | Found a shimmering altar of Xom.
  2315 | D:4      | Found an iron altar of Okawaru.
  2408 | D:4      | Found a glowing golden altar of the Shining One.
  2416 | D:4      | Reached skill level 5 in Fighting
  2416 | D:4      | Reached skill level 3 in Long Blades
  2444 | D:4      | Reached XP level 7. HP: 56/61 MP: 6/6
  2468 | D:4      | Found a radiant altar of Vehumet.
  2479 | D:4      | Reached **** piety under Trog
  2501 | D:4      | Reached skill level 4 in Long Blades
  2805 | D:5      | Entered Level 5 of the Dungeon
  3020 | D:5      | Reached skill level 5 in Long Blades
  3114 | D:5      | Reached skill level 1 in Stealth
  3228 | D:5      | Reached skill level 6 in Long Blades
  3332 | D:5      | Reached XP level 8. HP: 65/70 MP: 7/7
  3494 | D:5      | Reached skill level 7 in Long Blades
  3494 | D:5      | Reached skill level 5 in Armour
  3643 | D:5      | Noticed Eustachio
  3652 | D:5      | Killed Eustachio
  3694 | D:5      | Found a sacrificial altar of Ru.
  3700 | D:5      | Found a glowing silver altar of Zin.
  3703 | D:5      | Found a white marble altar of Elyvilon.
  3787 | D:5      | Noticed Grinder
  3787 | D:5      | Paralysed by Grinder for 3 turns
  3796 | D:5      | Killed Grinder
  3797 | D:5      | Reached skill level 8 in Long Blades
  3866 | D:5      | Found a hide-covered altar of Uskayaw.
  3903 | D:5      | Found an ancient bone altar of Kikubaaqudgha.
  3906 | D:5      | Found a hazy altar of Hepliaklqana.
  3996 | D:6      | Reached skill level 9 in Long Blades
  3996 | D:6      | Reached XP level 9. HP: 79/79 MP: 8/8
  4260 | D:6      | Reached skill level 1 in Throwing
  4595 | D:6      | Found a bloodstained altar of Trog.
  4688 | D:6      | Found a staircase to the Ecumenical Temple.
  5285 | D:7      | Noticed Dowan
  5287 | D:7      | Noticed Duvessa
  5295 | D:7      | Killed Dowan
  5302 | D:7      | Killed Duvessa
  5690 | D:7      | Reached ***** piety under Trog
  5844 | D:7      | Noticed Maggie
  5857 | D:7      | Killed Maggie
  6043 | D:7      | Noticed a two-headed ogre
  6050 | D:7      | Killed a two-headed ogre
  6051 | D:7      | Reached skill level 10 in Long Blades
  6051 | D:7      | Reached XP level 10. HP: 88/88 MP: 9/9
  6695 | D:8      | Reached skill level 5 in Throwing
  7027 | D:8      | Found Seusemoer's Self-Improvement Boutique.
  7547 | D:8      | Identified the +2 robe of Beogh's Benevolence {Slay+5}
  7650 | D:9      | Found a blossoming altar of Fedhas.
  7895 | D:9      | Reached skill level 11 in Long Blades
  8560 | D:9      | Noticed a death yak
  8574 | D:9      | Found a sparkling altar of Nemelex Xobeh.
  8593 | D:9      | Killed a death yak
  8594 | D:9      | Reached skill level 10 in Armour
  8601 | D:9      | Reached skill level 12 in Long Blades
  8604 | D:9      | Reached XP level 11. HP: 49/97 MP: 10/10
  9251 | D:10     | Entered Level 10 of the Dungeon
  9658 | D:10     | Found a staircase to the Orcish Mines.
  9700 | D:10     | Identified the +1 robe of the Foremost Friars {Will+}
 10012 | Orc:1    | Entered Level 1 of the Orcish Mines
 10012 | Orc:1    | Noticed an orc sorcerer
 10012 | Orc:1    | Noticed an orc knight
 10026 | Orc:1    | Killed an orc knight
 10028 | Orc:1    | Killed an orc sorcerer
 10028 | Orc:1    | Received a gift from Trog
 10029 | Orc:1    | Reached skill level 13 in Long Blades
 10215 | Orc:1    | Reached skill level 10 in Fighting
 10432 | D:11     | Reached ****** piety under Trog
 10567 | D:11     | Noticed a two-headed ogre
 10567 | D:11     | Noticed a two-headed ogre
 10573 | D:11     | Killed a two-headed ogre
 10578 | D:11     | Killed a two-headed ogre
 10657 | D:11     | Reached skill level 1 in Shields
 10812 | D:11     | Noticed a white ugly thing
 10812 | D:11     | Noticed a tengu warrior
 10823 | D:11     | Killed a tengu warrior
 10827 | D:11     | Killed a white ugly thing
 10952 | D:11     | Noticed Snorg
 10958 | D:11     | Killed Snorg
 10959 | D:11     | Reached skill level 14 in Long Blades
 10959 | D:11     | Reached XP level 12. HP: 103/107 MP: 11/11
 11061 | D:11     | Found a staircase to the Lair.
 11311 | D:11     | Noticed a boulder beetle
 11327 | D:11     | Killed a boulder beetle
 11534 | D:11     | Noticed a boulder beetle
 11577 | D:11     | Killed a boulder beetle
 11835 | D:11     | Noticed a centaur warrior
 11837 | D:11     | Noticed a two-headed ogre
 11855 | D:11     | Killed a centaur warrior
 11868 | D:11     | HP: 4/110 [two-headed ogre/+0 giant club (20)]
 11872 | D:11     | Killed a two-headed ogre
 12310 | Orc:2    | Entered Level 2 of the Orcish Mines
 12346 | Orc:2    | Received a gift from Trog
 12362 | Orc:2    | HP: 8/165 [orc warrior/+0 flail (9)]
 12364 | Orc:2    | HP: 2/165 [orc warrior/+0 great mace (7)]
 12367 | Orc:2    | Mangled by an orc warrior

Illustrated notes

Levels and vault maps discovered:
D:1:      evilmike_arrival_crescent, layout_rooms, serial_shops, shop_fountains,
          nicolae_wormholes
D:2:      layout_basic, minmay_hexomino_f4, uniq_robin
D:3:      layout_basic, overflow_temple_1_default, serial_shops,
          nicolae_shop_statue_plus, chequers_ecumenical_altar_simple_redux,
          minmay_misc_feat_roman
D:4:      layout_basic, grunt_qazlal_clouds, mainiacjoe_overflow_catwalk_spiral,
          nicolae_tso_besieged_by_evil, kennysheep_mini,
          roderic_serpentine_path, st_stairs_8
D:5:      layout_loops_ring, minmay_overflow_temple_star_quad,
          grunt_temple_overflow_diamond, uniq_grinder, uniq_eustachio
D:6:      layout_layer_cave, trog_ov_bears_minmay,
          minmay_temple_entry_proselytizer, gup_sewer_entry_bowl
D:7:      layout_gridville, uniq_maggie, uniq_duvessa
D:8:      layout_loops_corners, nicolae_shop_self_help
D:9:      argonaut_augean_stables, layout_loops_ring, lemuel_round_altar,
          fedhas_altar_2
D:10:     layout_rooms, zombieorc2_lemuel
D:11:     minmay_quarter_circles, layout_basic, uniq_snorg
Orc:1:    layout_diamond_mine, minmay_orc_temple_b
Orc:2:    st_orc_rangers, layout_caves

Skill      XL: |  1  2  3  4  5  6  7  8  9 10 11 12 |
---------------+-------------------------------------+-----
Axes           | 4 5 6 |  6.1
Fighting       | 4 5 7 8 9 10 11 | 11.4
Armour         | 3 4 5 8 10 11 13 | 13.7
Maces & Flails | 1 |  1.6
Dodging        | 3 4 |  4.0
Long Blades    | 2 3 6 9 10 12 14 | 14.0
Stealth        | 1 2 |  2.3
Throwing       | 4 6 7 9 |  9.2
Shields        | 1 2 |  2.8

Action                     |  1- 3 |  4- 6 |  7- 9 | 10-12 || total
---------------------------+-------+-------+-------+-------++-------
  Melee: Hand axe          |    86 |    12 |       |       ||    98
         Headbutt          |     9 |    18 |    35 |   133 ||   195
         Punch             |     1 |       |       |     6 ||     7
         Mace              |       |    11 |       |       ||    11
         Falchion          |       |    89 |   185 |   544 ||   818
  Throw: Boomerang         |       |       |    60 |    68 ||   128
         Dart              |       |       |       |    47 ||    47
         Javelin           |       |       |       |     2 ||     2
 Invoke: Berserk           |       |       |     2 |     5 ||     7
    Use: Scroll            |     5 |     9 |     5 |     6 ||    25
         Potion            |       |       |     1 |     2 ||     3
 Armour: Animal skin       |    12 |    10 |       |       ||    22
         Chain mail        |       |    17 |       |       ||    17
         Plate armour      |       |    15 |    63 |   180 ||   258
  Dodge: Dodged            |    48 |    47 |    60 |   224 ||   379
  Block: Buckler           |       |       |       |    37 ||    37
